 Dungeon Sprint DCSS version 0.21-a0-258-g4c0eb85 (webtiles) character file.

154 Kidiri the Thaumaturge (level 5, -15/28 HPs)
             Began as a Deep Elf Fire Elementalist on Sept 6, 2017.
             Was an Initiate of Vehumet.
             Killed from afar by a deep elf mage (32 damage)
             ... with a bolt of cold
             ... in the Dungeon (Sprint III: "The Ten Rune Challenge").
             The game lasted 00:02:16 (389 turns).

Kidiri the Thaumaturge (Deep Elf Fire Elementalist)  Turns: 389, Time: 00:02:17

Health: -15/28     AC:  2    Str:  7    XL:     5   Next: 13%
Magic:  15/19      EV: 13    Int: 21    God:    Vehumet [......]
Gold:   16         SH:  0    Dex: 15    Spells: 3/24 levels left

rFire    . . .     SeeInvis .   u - +0 dagger
rCold    . . .     Gourm    .   (no shield)
rNeg     . . .     Faith    .   a - +0 robe
rPois    +         Spirit   .   (no helmet)
rElec    .         Reflect  .   (no cloak)
rCorr    .         Harm     .   (no gloves)
MR       +....     NoTele   +   (no boots)
Stlth    ++........             (no amulet)
HPRegen  0.09/turn              (no ring)
MPRegen  0.16/turn              (no ring)

@: no status effects
A: magic resistance 1, poison resistance, strong 1
a: Renounce Religion


You were in the Dungeon.
You worshipped Vehumet.
Vehumet was noncommittal.
You were not hungry.

You visited 1 branch You collected 16 gold pieces.

Inventory:

Hand Weapons
 u - a +0 dagger (weapon)
Armour
 a - a +0 robe (worn)
Scrolls
 i - a scroll of blinking
 j - 3 scrolls of remove curse
 m - a scroll of holy word
 n - a scroll of identify
 r - a scroll of torment
Potions
 d - a potion of curing
 e - a potion of heal wounds
 f - a potion of haste
 g - 2 potions of magic
 h - a potion of berserk rage
 l - 2 potions of mutation
 p - 3 potions of flight
 q - a potion of cancellation
Comestibles
 c - a bread ration
 k - 5 chunks of flesh
 o - a meat ration
 s - a royal jelly


   Skills:
 + Level 0.0 Fighting
 + Level 0.0 Short Blades
 + Level 0.0 Armour
 + Level 2.4 Dodging
 - Level 2.4 Stealth
 * Level 10.0 Spellcasting
 + Level 5.6 Conjurations
 + Level 6.5 Fire Magic
 + Level 0.0 Air Magic
 + Level 0.0 Poison Magic


You had 3 spell levels left.
You knew the following spells:

 Your Spells              Type           Power        Failure   Level  Hunger
a - Flame Tongue          Conj/Fire      #####        1%          1    None
b - Throw Flame           Conj/Fire      #####.       1%          2    None
c - Conjure Flame         Conj/Fire      #####...     1%          3    None
d - Inner Flame           Hex/Fire       ###.....     4%          3    None
e - Sticky Flame          Conj/Fire      #####...     5%          4    ##.....
f - Fireball              Conj/Fire      #####.....   14%         5    ####...
g - Mephitic Cloud        Conj/Pois/Air  ###.....     9%          3    None


Dungeon Overview and Level Annotations

Branches:
Dungeon (1/1)

Altars:
Elyvilon
Kikubaaqudgha
Sif Muna
Vehumet
Zin
The Shining One


Innate Abilities, Weirdness & Mutations

You are resistant to hostile enchantments. (MR+)
Your system is resistant to poisons. (rPois)
Your muscles are strong. (Str +2)


Message History

The helpless deep elf mage fails to defend itself.
You puncture the deep elf mage!
The deep elf mage is moderately wounded.
The deep elf mage hits you with a long sword of holy wrath!
Unknown command.
Casting: Flame Tongue
Confirm with . or Enter, or press ? or * to list all spells.
Aiming: Sticky Flame
Press: ? - help, Shift-Dir - straight line, f - deep elf mage
Aim: a deep elf mage, wielding a long sword of holy wrath (moderately wounded)
The sticky flame hits the deep elf mage.
The deep elf mage is heavily wounded.
The deep elf mage is covered in liquid flames!
The deep elf mage burns!
Unknown command.
The deep elf mage burns!
The deep elf mage gestures at you while chanting.
The bolt of cold hits you!
Ouch! That really hurt!
You die...

▓▓▓▓▓▓▓ ▓▓▓ .+....♣
♣.##### .#....♣ ♣.#___#
##....♣♣♣ ♣.#e..#
.#....≈.♣♣♣♣.###@#+###+
.#...≈≈♣♣.♣..#..........
.#..≈≈≈≈♣♣...'.⌠........
'#..≈≈≈≈≈≈.♣.#...######+
.#.≈≈≈≈≈≈....#.⌠.#
.#.≈≈≈≈≈.....#...#
.#.≈≈≈.......#+###
##...........#.[:#
.............#___#


You could see a deep elf mage (burning).

Vanquished Creatures
  A water elemental (D)
  Jessica (D)
  A wizard (D)
  A human (D)
  A kobold demonologist (D)
  2 oozes (D)
  A phantom (D)
8 creatures vanquished.

Vanquished Creatures (others)
  2 draconian scorchers (D)
  6 hellions (D)
  A yaktaur (D)
  5 plants (D)
14 creatures vanquished.

Grand Total: 22 creatures vanquished

Notes
Turn   | Place    | Note
-------+----------+-------------------------------------------
     0 | D        | Kidiri the Deep Elf Fire Elementalist began the quest for the Orb.
     0 | D        | Reached XP level 1. HP: 10/10 MP: 6/6
     6 | D        | Reached skill level 4 in Spellcasting
    47 | D        | Reached XP level 2. HP: 15/15 MP: 4/9
    51 | D        | Learned a level 2 spell: Throw Flame
    98 | D        | Killed a yaktaur
    99 | D        | Noticed Jessica
   100 | D        | Killed Jessica
   100 | D        | Reached skill level 6 in Spellcasting
   100 | D        | Reached XP level 3. HP: 19/19 MP: 9/13
   105 | D        | Learned a level 3 spell: Conjure Flame
   109 | D        | Learned a level 3 spell: Inner Flame
   127 | D        | Killed a hellion
   127 | D        | Killed a hellion
   163 | D        | Gained mutation: You are resistant to hostile enchantments. (MR+) [potion of mutation]
   163 | D        | Gained mutation: Your muscles are strong. (Str +2) [potion of mutation]
   163 | D        | Gained mutation: Your system is resistant to poisons. (rPois) [potion of mutation]
   175 | D        | Killed a white draconian scorcher
   179 | D        | Killed a white draconian scorcher
   186 | D        | Reached skill level 7 in Spellcasting
   186 | D        | Reached skill level 5 in Fire Magic
   197 | D        | Killed a hellion
   205 | D        | Noticed a water elemental
   209 | D        | Killed a water elemental
   209 | D        | Reached skill level 9 in Spellcasting
   209 | D        | Reached skill level 5 in Conjurations
   209 | D        | Reached XP level 4. HP: 24/24 MP: 7/17
   215 | D        | Learned a level 4 spell: Sticky Flame
   273 | D        | Found a radiant altar of Vehumet.
   273 | D        | Killed a hellion
   274 | D        | Found a deep blue altar of Sif Muna.
   274 | D        | Found an ancient bone altar of Kikubaaqudgha.
   274 | D        | Noticed a wizard
   277 | D        | Noticed a smoke demon
   277 | D        | Killed a wizard
   278 | D        | Reached skill level 10 in Spellcasting
   278 | D        | Reached XP level 5. HP: 18/28 MP: 8/19
   285 | D        | Learned a level 5 spell: Fireball
   299 | D        | Learned a level 3 spell: Mephitic Cloud
   300 | D        | Killed a hellion
   305 | D        | Became a worshipper of Vehumet
   357 | D        | Killed a hellion
   384 | D        | Found a glowing silver altar of Zin.
   385 | D        | Found a glowing golden altar of the Shining One.
   385 | D        | Found a white marble altar of Elyvilon.
   385 | D        | Noticed a deep elf mage
   389 | D        | Killed from afar by a deep elf mage

Vault maps used:
D:        dungeon_sprint_mu

Skill      XL: |  1  2  3  4 |
---------------+-------------+-----
Spellcasting   | 4 6 9 10 | 10.0
Conjurations   | 2 3 5 |  5.6
Fire Magic     | 4 5 6 |  6.5
Dodging        | |  2.4
Stealth        | |  2.4

Action                   |  1- 3 |  4- 6 || total
-------------------------+-------+-------++-------
Melee: Dagger            |       |     1 ||     1
 Cast: Flame Tongue      |    13 |     2 ||    15
       Throw Flame       |     2 |       ||     2
       Conjure Flame     |     1 |       ||     1
       Sticky Flame      |       |     3 ||     3
  Use: Scroll            |     3 |       ||     3
       Potion            |     1 |       ||     1
 Stab: Sleeping          |       |     1 ||     1
Armor: Robe              |       |     1 ||     1
Dodge: Dodged            |       |     2 ||     2

Table legend:
 A = Spawn XP
 B = Non-spawn XP
 C = Spawn XP percentage of total XP
 D = Spawn monster count
 E = Non-spawn monster count
 F = Spawn count percentage of total count
 G = Total turns spent on level
                    A         B        C        D         E        F      G
               +---------+---------+-------+---------+---------+-------+---------
         Total |       0 |     220 |   0.0 |       0 |       8 |   0.0 |   389
               +---------+---------+-------+---------+---------+-------+---------
             D |       0 |     220 |   0.0 |       0 |       8 |   0.0 |   389
               +---------+---------+-------+---------+---------+-------+---------
